[Event "Team 45 45 League T39"]
[Site "Internet Chess Club"]
[Date "2008.11.21"]
[Round "5"]
[White "Ehab"]
[Black "tryanything"]
[Result "1-0"]
[WhiteElo "1944"]
[BlackElo "1679"]
[Opening "Ruy Lopez: exchange variation, 5.O-O"]
[ECO "C68"]
[Time "17:00:25"]
[TimeControl "2700+45"]

1. e4 e5 2. Nf3 Nc6 3. Bb5 a6 4. Bxc6 dxc6 5. O-O Bg4 6. d3 f6 7. Be3 Qd7 8.
Nbd2 O-O-O 9. h3 Bxf3 10. Qxf3 Bd6 11. Nb3 Ne7 12. Bd2 Rdf8 13. Qe3 Kb8 14. f3
b6 15. Be1 c5 16. a4 Qc6 17. Bf2 f5 18. c4 f4 19. Qd2 a5 20. Ra3 Kc8 21. Nc1 Qb7
22. Rb3 Nc6 23. Rb5 Nd4 24. Bxd4 exd4 25. Re1 Be5 26. Nb3 Qa7 27. Nxa5 bxa5 28.
Rxa5 Qb6 29. b4 Qxb4 30. Qxb4 cxb4 31. Rxe5 Kb7 32. Rb1 Ra8 33. Rxb4+ Kc6 34. a5
Kd6 35. Rd5+ Ke6 36. Rb7 c6 37. Rb6 Rhc8 38. a6 g6 39. c5 Rc7 40. Rd6+ Ke5 41.
Rdxc6 Rxc6 42. Rxc6 Ra7 43. Rb6 Rc7 44. Rd6 Ra7 45. Kf2 {Black resigns} 1-0

[Event "Team 45 45 League T39"]
[Site "Internet Chess Club"]
[Date "2008.11.21"]
[Round "5"]
[White "clarinetref"]
[Black "Warpdrive"]
[Result "1/2-1/2"]
[WhiteElo "1708"]
[BlackElo "1685"]
[Opening "Réti: King's Indian attack"]
[ECO "A05"]
[Time "22:08:03"]
[TimeControl "2700+45"]

1. Nf3 Nf6 2. g3 g6 3. Bg2 Bg7 4. d3 d5 5. Nbd2 O-O 6. O-O Nbd7 7. Re1 Re8 8. e4
dxe4 9. dxe4 e5 10. Rb1 b6 11. c3 Nc5 12. Qc2 Bb7 13. Ng5 Qd3 14. Qxd3 Nxd3 15.
Re3 Nxc1 16. Rxc1 Rad8 17. Re2 Bh6 18. h4 Nh5 19. Rf1 f6 20. Ngf3 Ba6 21. c4 Rd6
22. b3 Red8 23. Nb1 Bb7 24. Nc3 c6 25. Bh3 Bc8 26. Bxc8 Rxc8 27. Rd1 Rcd8 28.
Rxd6 Rxd6 29. Kg2 Kf7 30. Nb1 Ng7 31. g4 Bf4 32. g5 Ne6 33. gxf6 Kxf6 34. Nbd2
Bxd2 35. Rxd2 Rxd2 36. Nxd2 g5 37. hxg5+ Kxg5 {Game drawn by mutual agreement}
1/2-1/2

[Event "Team 45 45 League T39"]
[Site "Internet Chess Club"]
[Date "2008.11.23"]
[Round "5"]
[White "johnnyperez"]
[Black "frankd"]
[Result "0-1"]
[WhiteElo "1666"]
[BlackElo "1537"]
[Opening "Pirc: classical, h3 system"]
[ECO "B07"]
[Time "11:50:19"]
[TimeControl "2700+45"]

1. e4 d6 2. d4 Nf6 3. Nc3 g6 4. h3 Bg7 5. Nf3 O-O 6. Bg5 c6 7. Qd2 b5 8. Bd3 a6
9. a3 Qc7 10. O-O Nbd7 11. Rfe1 e5 12. Ne2 c5 13. dxc5 dxc5 14. c4 bxc4 15. Bxc4
Nxe4 16. Qe3 Bb7 17. Rad1 Nb6 18. b3 Nxc4 19. bxc4 f5 20. Bh6 f4 21. Bxf4 exf4
22. Nxf4 Qxf4 23. Qd3 Bd4 24. Re2 Nc3 25. Nxd4 Nxe2+ 26. Nxe2 Qxf2+ 27. Kh1
Qxg2# {White checkmated} 0-1

[Event "Team 45 45 League T39"]
[Site "Internet Chess Club"]
[Date "2008.11.22"]
[Round "5"]
[White "Ser-Enigma"]
[Black "DavidBarnsley"]
[Result "1-0"]
[WhiteElo "2159"]
[BlackElo "2035"]
[Opening "Dutch defense"]
[ECO "A84"]
[Time "11:45:09"]
[TimeControl "2700+45"]

1. d4 f5 2. c4 e6 3. Nf3 Nf6 4. g3 Bb4+ 5. Nbd2 a5 6. Bg2 b6 7. a3 Bxd2+ 8. Nxd2
Ra7 9. e4 Bb7 10. d5 O-O 11. e5 Ng4 12. Nf3 exd5 13. cxd5 Qe7 14. Bf4 Qc5 15.
O-O Qxd5 16. Rc1 Re8 17. Qc2 Nc6 18. Rfd1 Qe4 19. Qb3+ Kh8 20. Ng5 Qxg2+ 21.
Kxg2 Nd4+ 22. f3 Nxb3 23. Rc3 Nc5 24. Kg1 h6 25. Nf7+ Kg8 26. fxg4 Kxf7 27. gxf5
a4 28. e6+ dxe6 29. Bxc7 Ra6 30. fxe6+ Rxe6 31. Bd6 Ne4 32. Rc7+ Kg6 33. Bf8 Bc6
34. Rxg7+ Kf6 35. Rf1+ Ke5 36. Rh7 Ng5 37. Re1+ Be4 38. Bg7+ Kf5 39. g4+ Kg6 40.
Rxh6+ Kf7 41. Rxe6 Kxe6 42. Kf2 Ra7 43. Bh6 Nf7 44. Rxe4+ Kd5 45. Rb4 Nxh6 46.
Kg3 Kc5 47. h4 b5 48. Kf4 Rg7 49. g5 Rf7+ 50. Ke5 Ng8 51. h5 Rf2 52. Rh4 Rxb2
53. h6 Re2+ 54. Kf5 Ne7+ 55. Kf6 Kd5 56. h7 Re6+ 57. Kf7 Ng6 58. Rh6 Nh8+ 59.
Kg7 Re8 60. Rf6 b4 61. axb4 Kc4 62. Ra6 Kb3 63. g6 a3 64. Kh6 a2 65. g7 Re6+ 66.
Rxe6 a1=Q 67. g8=Q Qh1+ 68. Kg7 {Black resigns} 1-0

[Event "Team 45 45 League T39"]
[Site "Internet Chess Club"]
[Date "2008.11.22"]
[Round "5"]
[White "Zebbile"]
[Black "Pawntrader66"]
[Result "0-1"]
[WhiteElo "1962"]
[BlackElo "1967"]
[Opening "Sicilian defense"]
[ECO "B40"]
[Time "19:00:06"]
[TimeControl "2700+45"]

1. Nf3 e6 2. e4 c5 3. Nc3 d6 4. Bb5+ Bd7 5. Qe2 a6 6. Bxd7+ Qxd7 7. d4 cxd4 8.
Nxd4 Ne7 9. Be3 Nbc6 10. O-O-O Nxd4 11. Bxd4 Nc6 12. Be3 Be7 13. Qg4 Bf6 14. Qg3
Bxc3 15. bxc3 e5 16. Qxg7 O-O-O 17. Bc5 Qe6 18. Rxd6 Rxd6 19. Bxd6 Rd8 20. Ba3
Qxa2 21. Bb2 Na5 22. Qxe5 Qxb2+ 23. Kxb2 Nc4+ 24. Kb3 Nxe5 25. f4 Nc6 26. e5 Rd2
27. g3 Na5+ 28. Kb2 Nc4+ 29. Kb3 b5 30. Re1 Kd7 31. f5 Rd5 32. e6+ fxe6 33. Rxe6
a5 34. g4 Rd1 35. Re2 Ra1 {White resigns} 0-1

[Event "Team 45 45 League T39"]
[Site "Internet Chess Club"]
[Date "2008.11.23"]
[Round "5"]
[White "charles-allen"]
[Black "Zornorph"]
[Result "1/2-1/2"]
[WhiteElo "1868"]
[BlackElo "2069"]
[Opening "(Dutch:) Balogh defense"]
[ECO "B07"]
[Time "14:00:36"]
[TimeControl "2700+45"]

1. e4 d6 2. d4 f5 3. Bd3 fxe4 4. Bxe4 Nf6 5. Bf3 Nc6 6. Bf4 e6 7. c4 Bd7 8. Nc3
g6 9. Nge2 Bg7 10. O-O O-O 11. Re1 Kh8 12. Rc1 Ne7 13. b3 Rb8 14. Ne4 Nxe4 15.
Bxe4 Nf5 16. Bxf5 Rxf5 17. Qd2 Qh4 18. Bg3 Qe7 19. Rc2 Qf7 20. Nf4 Rf8 21. d5 e5
22. Nd3 b6 23. Re4 Rh5 24. Rh4 Rf5 25. Re4 Bf6 26. Bh4 Bg7 27. Bg3 {Game drawn
by repetition} 1/2-1/2

[Event "Team 45 45 League T39"]
[Site "Internet Chess Club"]
[Date "2008.11.23"]
[Round "5"]
[White "kabindra"]
[Black "Razorbackchess"]
[Result "1-0"]
[WhiteElo "1951"]
[BlackElo "1770"]
[Opening "Sicilian: Smith-Morra gambit"]
[ECO "B21"]
[Time "10:06:56"]
[TimeControl "2700+45"]

1. e4 c5 2. d4 cxd4 3. c3 d3 4. c4 Nc6 5. Nf3 e6 6. a3 d5 7. cxd5 exd5 8. exd5
Qxd5 9. Bxd3 Bg4 10. Nc3 Qd7 11. Qe2+ Be7 12. Be3 Nf6 13. Rd1 Bxf3 14. Qxf3 Qg4
15. Qxg4 Nxg4 16. Bf4 O-O 17. h3 Nf6 18. O-O Rad8 19. Bf5 Rxd1 20. Rxd1 Rd8 21.
Rxd8+ Bxd8 22. Bc8 b6 23. Bb7 Na5 24. Ba6 Be7 25. b4 Nc6 26. Kf1 Nd4 27. Bb8 Nc2
28. Nb1 Nd5 29. Bb7 Ndxb4 30. axb4 Bxb4 31. Bxa7 Bc5 32. Nc3 Nb4 33. Nd5 Nxd5
34. Bxd5 Kf8 35. f3 f6 36. Ke2 Ke7 37. Kd3 Kd6 38. Kc4 h6 39. Be4 Kc7 40. Kb5
Bf2 41. g4 g5 42. Ba8 Be3 43. Kc4 Kd6 44. Kd3 Bc5 45. Ke4 Ke7 46. Kf5 Kf7 47.
Bd5+ Kg7 48. Ke6 h5 49. Kd7 hxg4 50. hxg4 Kg6 51. Be6 Kg7 52. Kc7 Bd4 53. Bxb6
Be5+ 54. Kd7 Kf8 55. Bc5+ Kg7 56. Ke8 Bb2 57. Bf8+ Kh8 58. Kf7 {Black resigns}
1-0

[Event "Team 45 45 League T39"]
[Site "Internet Chess Club"]
[Date "2008.11.22"]
[Round "5"]
[White "DaPaz"]
[Black "PandorasBox"]
[Result "0-1"]
[WhiteElo "1918"]
[BlackElo "2244"]
[Opening "French: Chigorin variation"]
[ECO "C00"]
[Time "16:10:27"]
[TimeControl "2700+45"]

1. e4 e6 2. Qe2 c5 3. g3 Nc6 4. c3 g6 5. Bg2 Bg7 6. f4 Nge7 7. Nf3 O-O 8. O-O d6
9. d3 b5 10. a3 a5 11. Be3 Ba6 12. Nbd2 b4 13. Rfc1 bxc3 14. bxc3 Rb8 15. Nc4
Bxc4 16. dxc4 a4 17. e5 dxe5 18. fxe5 Qa5 19. Qf2 Bxe5 20. Bxc5 Bxc3 21. Rab1
Bg7 22. Bb6 Qa6 23. Qc5 Rfc8 24. Qb5 Qxb5 25. Rxb5 Nd4 26. Bxd4 Rxb5 27. Bxg7
Kxg7 28. Nd4 Rbc5 29. Bf1 e5 30. Nf3 Nf5 31. Rb1 Ne3 32. Rb7 Nxf1 33. Kxf1 e4
34. Nd2 e3 35. Ne4 Rxc4 36. Nd6 Rc1+ 37. Ke2 R8c2+ 38. Kxe3 Rf1 39. g4 Rxh2 40.
g5 Rh3+ 41. Ke2 Ra1 42. Rxf7+ Kg8 43. Kf2 Ra2+ 44. Kg1 Rd3 {White resigns} 0-1

[Event "Team 45 45 League T39"]
[Site "Internet Chess Club"]
[Date "2008.11.24"]
[Round "5"]
[White "Despair"]
[Black "yopuedocontodos"]
[Result "1-0"]
[WhiteElo "1961"]
[BlackElo "2013"]
[Opening "Queen's pawn game"]
[ECO "A45"]
[Time "20:30:02"]
[TimeControl "2700+45"]

1. d4 Nf6 2. g3 d6 3. Bg2 g6 4. c3 Bg7 5. Nf3 c6 6. O-O O-O 7. Bg5 Qb6 8. Qb3
Nbd7 9. Nbd2 h6 10. Bh4 g5 11. Nxg5 hxg5 12. Bxg5 Qd8 13. Qc2 Nh7 14. Bh4 Bf6
15. Be4 Ng5 16. Bxg5 Bxg5 17. Nf3 e6 18. h4 Bh6 19. Bh7+ Kh8 20. Bd3 Nf6 21. e4
Ng8 22. Qe2 f5 23. e5 d5 24. Kh2 Qc7 25. Rh1 Qg7 26. Rag1 Qg4 27. Kg2 Bd7 28. h5
Ne7 29. Rh4 Qg7 30. Kh3 Rg8 31. Rh1 Qh7 32. Qc2 Qf7 33. Qb3 b5 34. Qa3 Raf8 35.
Qxa7 Nc8 36. Qb7 Rg4 37. Kg2 Rfg8 38. Rxg4 Rxg4 39. Nh4 Rg8 40. Ng6+ Kh7 41. g4
Rd8 42. Qc7 Re8 43. f4 fxg4 44. Nf8+ Kg7 45. Nxd7 Qxf4 46. Nf6+ Re7 47. Rf1 Qd2+
48. Rf2 Qxd3 49. Qxc8 Qh3+ 50. Kg1 Qg3+ 51. Rg2 Qd3 52. Qg8# {Black checkmated}
1-0

[Event "Team 45 45 League T39"]
[Site "Internet Chess Club"]
[Date "2008.11.21"]
[Round "5"]
[White "Gaia"]
[Black "matein7"]
[Result "0-1"]
[WhiteElo "1914"]
[BlackElo "1850"]
[Opening "Queen's gambit declined"]
[ECO "D30"]
[Time "13:00:23"]
[TimeControl "2700+45"]

1. d4 d5 2. c4 e6 3. Nf3 Be7 4. Nc3 Nf6 5. Bg5 O-O 6. Bxf6 Bxf6 7. e4 dxe4 8.
Nxe4 Be7 9. Bd3 b6 10. h4 Nd7 11. Nfg5 h6 12. Qh5 Bb4+ 13. Kf1 Nf6 14. Nxf6+
Qxf6 15. Nh7 Qxd4 16. Rd1 Bc5 17. Rd2 Qf4 18. Rc2 e5 19. g3 Qd4 20. Qf3 Bb7 21.
Qf5 e4 22. Ng5 Qxd3+ 23. Kg1 g6 {White resigns} 0-1

[Event "Team 45 45 League T39"]
[Site "Internet Chess Club"]
[Date "2008.11.23"]
[Round "5"]
[White "LubanaColorok"]
[Black "Paulkov"]
[Result "1-0"]
[WhiteElo "2013"]
[BlackElo "1868"]
[Opening "KP: Nimzovich defense"]
[ECO "B00"]
[Time "12:01:43"]
[TimeControl "2700+45"]

1. e4 Nc6 2. Nf3 d6 3. d4 Nf6 4. Nc3 Bg4 5. Be2 e6 6. Be3 Be7 7. h3 Bh5 8. Qd2
Bg6 9. Bd3 Nb4 10. Nh4 Nxe4 11. Bxe4 Bxh4 12. g3 Bf6 13. a3 Bxe4 14. Nxe4 Nd5
15. c4 Nxe3 16. fxe3 d5 17. Nxf6+ Qxf6 18. c5 Qg5 19. Rg1 O-O 20. O-O-O c6 21.
Rdf1 b6 22. h4 Qe7 23. cxb6 axb6 24. h5 c5 25. g4 Qg5 26. Kb1 cxd4 27. Qxd4 b5
28. Rg2 Rfc8 29. Rgf2 Rc4 30. Qb6 Qe5 31. Qb7 Qe4+ 32. Ka1 Rxa3+ 33. bxa3 f6 34.
Qxb5 Kf7 35. Qd7+ Kf8 36. Rxf6+ gxf6 37. Rxf6+ Kg8 38. Qe8+ Kg7 39. Qf7+ {Black
resigns} 1-0

[Event "Team 45 45 League T39"]
[Site "Internet Chess Club"]
[Date "2008.11.28"]
[Round "5"]
[White "cityprosecutor"]
[Black "ir75"]
[Result "1-0"]
[WhiteElo "1707"]
[BlackElo "1863"]
[Opening "Sicilian defense"]
[ECO "B20"]
[Time "11:04:08"]
[TimeControl "2700+45"]

1. e4 c5 2. d3 Nc6 3. g3 g6 4. Bg2 Bg7 5. Nf3 d6 6. Nbd2 Nf6 7. O-O O-O 8. a4
Rb8 9. Nc4 d5 10. exd5 Nxd5 11. Re1 Re8 12. Nfe5 Nxe5 13. Nxe5 f6 14. Ng4 Bxg4
15. Qxg4 Kh8 16. Qc4 Nb6 17. Qe6 Nc8 18. Bf4 Nd6 19. a5 f5 20. c3 Bf6 21. Kf1
Qc8 22. Bxd6 Qxe6 23. Rxe6 Rbd8 24. Bxc5 Rxd3 {Black resigns} 1-0

[Event "Team 45 45 League T39"]
[Site "Internet Chess Club"]
[Date "2008.11.23"]
[Round "5"]
[White "GolferBob"]
[Black "AntonioMendonca"]
[Result "0-1"]
[WhiteElo "1694"]
[BlackElo "1702"]
[Opening "King's Indian: London system"]
[ECO "A48"]
[Time "19:14:40"]
[TimeControl "2700+45"]

1. d4 Nf6 2. Nf3 g6 3. Bf4 Bg7 4. e3 d6 5. Be2 Nh5 6. Bg5 h6 7. Bh4 f5 8. Nfd2
Nf6 9. Bxf6 Bxf6 10. c3 e5 11. Nf3 e4 12. Nfd2 Nc6 13. Qb3 b6 14. Bb5 Bd7 15.
Qa4 Ne7 16. Bxd7+ Qxd7 17. Qxd7+ Kxd7 18. Na3 c5 19. Nc2 Rac8 20. Rd1 Rhd8 21.
dxc5 dxc5 22. Nxe4+ Ke6 23. Nxf6 Rxd1+ 24. Kxd1 Kxf6 25. Ke2 Rd8 26. Rd1 Rxd1
27. Kxd1 b5 28. Ke2 Nd5 29. h3 Ke5 30. Ne1 b4 31. Nf3+ Ke4 32. Nd2+ Ke5 33. Nf3+
Kd6 34. c4 Nb6 35. b3 g5 36. Nd2 a5 37. Kd3 a4 38. e4 Ke5 39. exf5 Kxf5 40. Ne4
axb3 41. axb3 Nd7 42. Ke3 Ke5 43. Nd2 Nf8 44. Nf3+ Kf5 45. g4+ Kf6 46. Ke4 Ne6
47. Kd5 Nf4+ 48. Kxc5 Nxh3 49. Kd6 Nxf2 50. c5 Nxg4 51. c6 Ne3 52. c7 Nf5+ 53.
Kc5 Ne7 54. Kd6 g4 55. Nh4 g3 56. Kd7 h5 57. Ng2 Kf7 58. Nh4 Kf6 59. Ng2 Nd5 60.
Kd6 Ne7 61. Kd7 Kf7 62. Nh4 Nd5 63. Kd6 Nb6 64. Kc6 Nc8 65. Kd7 Na7 66. Kd6 Nb5+
67. Kc6 Nxc7 68. Kxc7 Kf6 69. Kd6 Kg5 70. Ng2 Kg4 71. Kc5 Kf3 72. Nh4+ Kf2 73.
Kxb4 g2 74. Nxg2 Kxg2 75. Kc5 h4 76. b4 h3 77. b5 h2 78. b6 h1=Q 79. b7 Qh8 80.
Kc6 Qb8 {White resigns} 0-1

[Event "Team 45 45 League T39"]
[Site "Internet Chess Club"]
[Date "2008.11.21"]
[Round "5"]
[White "rayngrant"]
[Black "Invicta-Knight"]
[Result "0-1"]
[WhiteElo "1570"]
[BlackElo "1479"]
[Opening "Scandinavian: Pytel-Wade variation"]
[ECO "B01"]
[Time "15:19:07"]
[TimeControl "2700+45"]

1. e4 d5 2. exd5 Qxd5 3. Nc3 Qd6 4. d4 a6 5. Nf3 Nf6 6. Be2 g6 7. O-O Bg7 8. Be3
Be6 9. Qd2 Nd5 10. Nxd5 Qxd5 11. c4 Qd8 12. Rac1 O-O 13. d5 Bd7 14. Rfd1 Qc8 15.
b4 Ba4 16. Re1 Rd8 17. Bd4 Nd7 18. Bxg7 Kxg7 19. Bd1 Bxd1 20. Rcxd1 Re8 21. Qf4
Nf6 22. Re2 b5 23. c5 Ra7 24. Ne5 e6 25. Nc6 Rb7 26. d6 cxd6 27. Rxd6 Rd7 28.
Red2 Qb7 29. Na5 Qc7 30. c6 Rxd6 31. Qxd6 Qxd6 32. Rxd6 Nd5 33. a3 Kf6 34. Rd7
Re7 35. Rxe7 Kxe7 36. Nb7 Nc7 37. Kf1 e5 38. Ke2 Ke6 39. Ke3 Kd5 40. Na5 f5 41.
f4 exf4+ 42. Kxf4 Ne6+ 43. Kf3 Kd4 44. Nb3+ Kd5 45. Nc5 Nc7 46. Kf4 Kxc6 47. Ke5
Kb6 48. Kd6 Ne8+ 49. Ke7 Ng7 50. Kf7 Nh5 51. Nd7+ Kc7 52. Nc5 Kb6 53. g3 f4 54.
gxf4 Nxf4 55. Kg7 h5 56. Kh6 a5 57. Kg5 Nd5 58. Nd3 Ne7 59. Ne5 axb4 60. axb4
Nd5 61. Nxg6 Nxb4 62. Kxh5 Nd3 63. Ne7 Kc5 64. Kg5 b4 65. Nf5 b3 66. Ne3 b2
{White resigns} 0-1

[Event "Team 45 45 League T39"]
[Site "Internet Chess Club"]
[Date "2008.11.23"]
[Round "5"]
[White "PJ"]
[Black "upsan"]
[Result "1/2-1/2"]
[WhiteElo "1807"]
[BlackElo "1854"]
[Opening "French: King's Indian attack"]
[ECO "C00"]
[Time "12:00:06"]
[TimeControl "2700+45"]

1. e4 e6 2. d3 c5 3. Nd2 Nc6 4. Ngf3 d5 5. g3 dxe4 6. dxe4 Nd4 7. Bg2 Ne7 8. O-O
Nec6 9. c3 Nxf3+ 10. Nxf3 Qxd1 11. Rxd1 Be7 12. Bf4 f6 13. Bd6 Kf7 14. Bxe7 Kxe7
15. Rd2 Rd8 16. Rxd8 Kxd8 17. Rd1+ Ke7 18. Ne1 e5 19. Nc2 Be6 20. a3 Bb3 21. Rd2
Bxc2 22. Rxc2 Rd8 23. Bf3 b6 24. Kf1 Na5 25. Ke1 Nc6 26. Be2 Rd6 27. Bc4 Nd8
{Game drawn by mutual agreement} 1/2-1/2

[Event "Team 45 45 League T39"]
[Site "Internet Chess Club"]
[Date "2008.11.22"]
[Round "5"]
[White "PersonX"]
[Black "AronT"]
[Result "0-1"]
[WhiteElo "1559"]
[BlackElo "1759"]
[Opening "Giuoco Piano"]
[ECO "C50"]
[Time "21:12:08"]
[TimeControl "2700+45"]

1. e4 e5 2. Nf3 Nc6 3. Bc4 Bc5 4. O-O d6 5. h3 Be6 6. Bb3 Nf6 7. d3 Bxb3 8. axb3
Qe7 9. Bg5 h6 10. Bh4 g5 11. Bg3 Nh5 12. Nc3 Nxg3 13. Nd5 Qd8 14. Re1 Nh5 15.
Nxe5 dxe5 16. Qxh5 Nd4 17. Rac1 c6 18. Nc3 Ne6 19. Ne2 Qf6 20. Rf1 Nf4 21. Nxf4
Qxf4 22. c3 O-O-O 23. b4 Bb6 24. Rcd1 Rdg8 25. g3 Qxg3+ 26. Kh1 Qf4 27. d4 exd4
28. cxd4 Qxe4+ 29. f3 Qh4 30. Qxf7 Qxh3+ 31. Kg1 Qg3+ 32. Kh1 Qh4+ 33. Kg2 g4
34. Qf5+ Kb8 35. Qe5+ Bc7 36. Rh1 {White resigns} 0-1

[Event "Team 45 45 League T39"]
[Site "Internet Chess Club"]
[Date "2008.11.22"]
[Round "5"]
[White "gtm"]
[Black "Jozin"]
[Result "1-0"]
[WhiteElo "1676"]
[BlackElo "1530"]
[Opening "QGD Slav defense: exchange variation"]
[ECO "D13"]
[Time "08:21:40"]
[TimeControl "2700+45"]

1. d4 d5 2. c4 c6 3. cxd5 cxd5 4. Nc3 Nf6 5. Nf3 e6 6. Bg5 Be7 7. e3 O-O 8. Bd3
b6 9. O-O Ba6 10. Nb5 Bxb5 11. Bxb5 a6 12. Bd3 h6 13. Bf4 Nh5 14. Be5 Nf6 15.
Rc1 Ra7 16. Qc2 Bd6 17. Qe2 b5 18. Rc2 Rc7 19. Rfc1 Rxc2 20. Rxc2 Bxe5 21. Nxe5
Nfd7 22. Qh5 Nxe5 23. Qxe5 Nd7 24. Qd6 Nb6 25. Qc6 Qb8 26. g3 g6 27. Qc7 Qxc7
28. Rxc7 Rc8 29. Rxc8+ Nxc8 30. a4 Na7 31. axb5 Nxb5 32. Bxb5 axb5 33. Kf1 Kf8
34. Ke2 Ke7 35. Kd3 Kd6 36. b4 f5 37. f3 h5 38. h4 Ke7 39. e4 Kf7 40. Ke3 Kf6
41. e5+ Kf7 42. Kf4 Kg8 43. Kg5 Kh7 44. Kf6 Kh6 45. Kxe6 g5 46. Kxd5 f4 47.
hxg5+ Kxg5 48. gxf4+ Kxf4 49. e6 h4 50. e7 h3 51. e8=Q h2 52. Qb8+ {Black
resigns} 1-0